 Dungeon Crawl Stone Soup version 0.29.1-1-gd02db6906a (webtiles) character file.

Game seed: 15805400176496279210

72 Godmorgon the Trooper (level 4, 0/41 HPs)
             Began as a Minotaur Fighter on Sept 22, 2022.
             Slain by Sigmund
             ... wielding a +0 scythe
              (10 damage)
             ... on level 3 of the Dungeon.
             The game lasted 00:08:50 (1827 turns).

Godmorgon the Trooper (Minotaur Fighter)            Turns: 1827, Time: 00:08:51

Health: 0/41       AC:  9    Str: 23    XL:     4   Next: 6%
Magic:  3/3        EV:  9    Int:  5    God:
Gold:   43         SH:  4    Dex:  9    Spells: 3/3 levels left

rFire   . . .      SeeInvis .   a - +0 flail
rCold   . . .      Faith    .   c - +0 buckler
rNeg    . . .      Spirit   .   b - +0 scale mail
rPois   .          Reflect  .   n - +1 hat
rElec   .          Harm     .   l - +0 cloak
rCorr   .          Rampage  .   (no gloves)
Will    .....                   (no boots)
Stlth   ..........              (no amulet)
HPRegen 0.13/turn               (no ring)
MPRegen 0.08/turn               (no ring)

@: mighty, hasted, very quick
A: horns 2, retaliatory headbutt
a: no special abilities


You were on level 3 of the Dungeon.
You visited 1 branch of the dungeon, and saw 3 of its levels.

You collected 43 gold pieces.

Inventory:

Hand Weapons
 a - a +0 flail (weapon)
Missiles
 g - 12 stones
 o - 2 javelins (quivered)
Armour
 b - a +0 scale mail (worn)
 c - a +0 buckler (worn)
 k - a +0 plate armour
 l - a +0 cloak (worn)
 n - a +1 hat (worn)
Magical Staves
 p - a staff of cold
Scrolls
 f - 2 scrolls of teleportation {unknown}
 h - 2 scrolls of identify {unknown}
 i - 2 scrolls of magic mapping
 j - a scroll of noise {unknown}
 m - a scroll of fear {unknown}
Potions
 e - a potion of curing {unknown}
 q - a potion of attraction {unknown}
 r - a potion of haste


   Skills:
 + Level 4.4 Fighting
 * Level 4.3 Maces & Flails
 * Level 1.1 Throwing
 - Level 3.6 Armour
 - Level 3.6 Shields


You had 3 spell levels left.
You didn't know any spells.
Your spell library was empty.

Dungeon Overview and Level Annotations

Branches:
Dungeon (3/15)

Altars:

Shops:
D:2 *

Annotations:
D:3 Sigmund


Innate Abilities, Weirdness & Mutations

You have a pair of horns on your head.
You reflexively headbutt those who attack you in melee.


Message History

Throw: 5 javelins
Press: ? - help, Q - select action, (/) - cycle Shift-Dir - straight line You throw a javelin.
Something hits you but does no damage.
Throw: 4 javelins
Press: ? - help, Q - select action, (/) - cycle Shift-Dir - straight line You throw a javelin.
Something hits you but does no damage.
Throw: 3 javelins
Press: ? - help, Q - select action, (/) - cycle Shift-Dir - straight line You throw a javelin.
You hear some strange, mumbled words.
A puff of flame appears from out of thin air!
The puff of flame hits you.
You hear some strange, mumbled words.
You are confused.
You hear some strange, mumbled words.
A puff of flame appears from out of thin air!
The puff of flame hits you!
You bump into the rock wall.
Something hits you but does no damage.
You closely miss something.
You hear some strange, mumbled words.
A puff of flame appears from out of thin air!
The puff of flame misses you.
You bump into the rock wall.
Something hits you.
* * * LOW HITPOINT WARNING * * *
It was a potion of haste.
You feel yourself speed up.
You bump into the rock wall.
Something completely misses you.
You bump into the rock wall.
You bump into the rock wall.
You feel less confused. Something hits you.
* * * LOW HITPOINT WARNING * * *
You closely miss something.
Okay, then.
Okay, then.
As you read the scroll labelled HAEFEO TARHIOF, it crumbles to dust.
You feel aware of your surroundings.
You sensed 5 altars.
It was a scroll of magic mapping.
Something hits you!
You die...

*,...........$.#*__**
*,..........(..#8,,8*
**********,..$.......(..#*++#*
**,,,,,,,,,,.........(...##..#
*,,***,***,,........(....#...*
*,,* *,* *,,...............#**
*,,***+***,,...............#
*,,,,+_+...#######.........#
,,,******#......@{..((..>#.#
### ,,,* ***
#....########.#.#.# #.#
**,******#...,,,,*** #.#.#.#
#.# *,,,,,,....,***,,,*
#.....####.# ******,...,**
**#,**#†#.###....# **##***
#.,*#.#.# #.##.# *#.*#.#.#
#.##.# *##..#.#|# #.....
*......#.# #.....


There were no monsters in sight!

Vanquished Creatures
  An adder (D:2)
  A worm (D:2)
  8 ball pythons
  9 bats
  6 endoplasms
  3 giant cockroaches
  6 goblins
  A hobgoblin (D:1)
  2 jackals (D:2)
  6 quokkas
  2 frilled lizards
  4 kobolds
  A rat (D:1)
50 creatures vanquished.

Notes
Turn   | Place    | Note
-------+----------+-------------------------------------------
     0 | D:1      | Godmorgon the Minotaur Fighter began the quest for the Orb.
     0 | D:1      | Reached XP level 1. HP: 19/19 MP: 0/0
   229 | D:1      | Reached XP level 2. HP: 27/27 MP: 1/1
   353 | D:1      | Found a faded altar of an unknown god.
   548 | D:1      | Reached XP level 3. HP: 33/33 MP: 2/2
   918 | D:2      | Found Ehoamnos's General Store.
  1356 | D:2      | Reached skill level 1 in Throwing
  1651 | D:3      | Reached XP level 4. HP: 41/41 MP: 3/3
  1799 | D:3      | Noticed Sigmund
  1827 | D:3      | Slain by Sigmund

Illustrated notes

Levels and vault maps discovered:
D:1:      lemuel_arrival_river_passageway, layout_loops_ring,
          hellmonk_ecumenical_altar_run_dry, minmay_tripent
D:2:      layout_loops_ring, serial_shops, nicolae_shop_stone,
          minmay_hexomino_p4
D:3:      layout_basic, okawaru_ov_weapons_minmay, lemuel_doored_altar,
          kennysheep_slug_shrine, gammafunk_temple_overflow_wave,
          serial_bayou_pond_c, uniq_robin, uniq_sigmund

Skill      XL: |  1  2  3 |
---------------+----------+-----
Maces & Flails | 3 4 |  4.3
Fighting       | 4 |  4.4
Throwing       | 1 |  1.1
Armour         | |  3.6
Shields        | |  3.6

Action                   |  1- 3 |  4- 6 || total
-------------------------+-------+-------++-------
Melee: Flail             |    93 |    12 ||   105
       Headbutt          |    10 |     1 ||    11
Throw: Stone             |    10 |       ||    10
       Javelin           |       |     4 ||     4
       Dart              |       |     3 ||     3
  Use: Potion            |       |     2 ||     2
       Scroll            |       |     1 ||     1
Armor: Scale mail        |    41 |    10 ||    51
Dodge: Dodged            |    54 |     5 ||    59
Block: Buckler           |    23 |     1 ||    24
